 Dungeon Crawl Stone Soup version 0.17-a0-1769-g54adf96 (webtiles) character file.

483 shakdrar the Firebug (level 7, -1/41 HPs)
             Began as an Octopode Fire Elementalist on Sept 7, 2015.
             Shot with an arrow of frost by a centaur (2 damage)
             ... on level 5 of the Dungeon.
             The game lasted 00:23:23 (5423 turns).

shakdrar the Firebug (Octopode Fire Elementalist)   Turns: 5423, Time: 00:23:23

Health: -1/41      AC:  3    Str:  8    XL:     7   Next: 12%
Magic:  6/12       EV: 12    Int: 19    God:
Gold:   92         SH:  0    Dex: 14    Spells: 3 memorised, 7 levels left

rFire  + . .     SeeInvis .     (no weapon)
rCold  . . .     Clarity  +     (no shield)
rNeg   . . .     SustAt   +     (helmet restricted)
rPois  .         Gourm    .     (no amulet)
rElec  .         Spirit   .     c - ring of fire
rCorr  .         Warding  .     d - ring of sustain attributes
rMut   .         Stasis   .     i - +2 ring of protection
MR     .....                    l - +2 ring of dexterity
Stlth  ++++......               b - ring of protection from cold
                                (no ring)
                                (no ring)
                                (no ring)

@: not resistant to hostile enchantments, stealthy
A: almost no armour, amphibious, 8 rings, constrict 8, camouflage 2, clarity,
slow healing 1, gelatinous body 1
a: no special abilities


You were on level 5 of the Dungeon.
You were very hungry.

You visited 2 branches of the dungeon, and saw 6 of its levels.

You collected 232 gold pieces.
You spent 140 gold pieces at shops.

Inventory:

Hand weapons
 n - a +1 short sword of speed
Missiles
 h - 17 poisoned needles
Jewellery
 b - a ring of protection from cold (on tentacle)
 c - a ring of fire (left tentacle)
 d - a ring of sustain attributes (right tentacle)
 i - a +2 ring of protection (on tentacle)
 l - a +2 ring of dexterity (on tentacle)
Magical devices
 e - a wand of magic darts (38)
 k - a wand of random effects (20)
 o - a wand of disintegration (6)
Scrolls
 f - 3 scrolls of remove curse
 g - a scroll of fear
 j - 2 scrolls of recharging
Potions
 m - a potion of curing
Books
 a - a book of Flames

   Spells                             Type                      Level
   a - Flame Tongue                   Conjuration/Fire             1
   b - Throw Flame                    Conjuration/Fire             2
   c - Conjure Flame                  Conjuration/Fire             3
   d - Inner Flame                    Hexes/Fire                   3
   e - Sticky Flame                   Conjuration/Fire             4
   f - Fireball                       Conjuration/Fire             5


   Skills:
 - Level 2.0 Dodging
 - Level 2.6 Stealth
 + Level 3.8 Spellcasting
 + Level 3.3 Conjurations
 * Level 6.0 Fire Magic


You had 7 spell levels left.
You knew the following spells:

 Your Spells              Type           Power        Failure   Level  Hunger
a - Flame Tongue          Conj/Fire      ####.        1%          1    None
b - Throw Flame           Conj/Fire      ####..       3%          2    ##.....
c - Conjure Flame         Conj/Fire      ####....     8%          3    ###....


Dungeon Overview and Level Annotations

Branches:
Dungeon (5/15)             Temple (1/1) D:4

Altars:
Cheibriados
Dithmenos
Elyvilon
Kikubaaqudgha
Makhleb
Nemelex Xobeh
Okawaru
Qazlal
Sif Muna
Trog
Xom
Zin
The Shining One

Shops:
D:4 *

Annotations:
D:3 Sigmund


Innate Abilities, Weirdness & Mutations

You cannot wear most types of armour.
You are amphibious.
You can wear up to eight rings at the same time.
You can use your tentacles to constrict eight enemies at once.
Your skin blends seamlessly with your surroundings (Stealth).
Your rubbery body absorbs attacks (AC +1).
You possess an exceptional clarity of mind.
You heal slowly when monsters are visible.


Message History

The centaur shoots an arrow of frost.
The arrow of frost hits you! The arrow of frost freezes you.
You see here an arrow of frost.
The centaur shoots an arrow of frost.
The arrow of frost hits you!
* * * LOW HITPOINT WARNING * * *
The arrow of frost freezes you.
* * * LOW HITPOINT WARNING * * *
You see here an arrow of frost.
You hear a blaring wail to the east.
Casting: Flame Tongue
Confirm with . or Enter, or press ? or * to list all spells.
Aiming: Throw Flame
Press: ? - help, Shift-Dir - straight line, f - gnoll
Aim: a gnoll, wielding a flail (hasn't noticed you)
You feel a surge of power!
The puff of flame hits the gnoll.
The gnoll is heavily wounded.
The gnoll shouts!
You are feeling very hungry.
The centaur shoots an arrow of frost.
The arrow of frost hits you.
You die...

.# ######## .####.##.
.. #......#
..##.......#
#......###.#....##c#
#......##..........
#......#...##g#..#
#........#g..c#..#
#<..@..(((.c##..#####
#......###.##((......
#......###.##.######.
#......#......# #.
#......#....### #.
########....# #.
#....# ## #....# #
######


You could see a centaur and a gnoll.

Vanquished Creatures
  Duvessa (D:4)
  An ice beast (D:5)
  Dowan (D:4)
  A giant frog skeleton (D:4)
  Terence (D:3)
  5 gnolls
  6 adders
  2 adder skeletons (D:4)
  2 worms
  8 giant geckos
  An orc (D:3)
  5 giant cockroaches
  6 goblins
  6 hobgoblins
  6 jackals
  9 bats
  2 giant newts (D:1)
  9 kobolds
  3 rats (D:1)
75 creatures vanquished.

Notes
Turn   | Place    | Note
--------------------------------------------------------------
     0 | D:1      | shakdrar the Octopode Fire Elementalist began the quest for the Orb.
     0 | D:1      | Reached XP level 1. HP: 11/11 MP: 3/3
   133 | D:1      | Reached XP level 2. HP: 17/17 MP: 1/5
   254 | D:1      | Learned a level 2 spell: Throw Flame
   704 | D:1      | Reached XP level 3. HP: 21/21 MP: 3/6
   739 | D:1      | Learned a level 3 spell: Conjure Flame
  1084 | D:1      | HP: 1/21 [jackal (2)]
  1334 | D:2      | Gained mutation: Your skin blends seamlessly with your surroundings (Stealth). [potion of mutation]
  1334 | D:2      | Gained mutation: You heal slowly when monsters are visible. [potion of mutation]
  1334 | D:2      | Gained mutation: You possess an exceptional clarity of mind. [potion of mutation]
  2142 | D:2      | Reached skill level 4 in Fire Magic
  2142 | D:2      | Reached XP level 4. HP: 27/27 MP: 1/8
  2970 | D:3      | Reached XP level 5. HP: 31/31 MP: 5/9
  3058 | D:3      | Noticed Sigmund
  3265 | D:3      | Noticed Terence
  3268 | D:3      | Killed Terence
  3488 | D:4      | Noticed Dowan
  3490 | D:4      | Noticed Duvessa
  3843 | D:4      | Killed Duvessa
  3843 | D:4      | Reached skill level 5 in Fire Magic
  3843 | D:4      | Reached XP level 6. HP: 17/36 MP: 1/11
  4252 | D:4      | Found a white marble altar of Elyvilon.
  4380 | D:4      | Found Hoghi's Assorted Antiques.
  4383 | D:4      | Bought a small silver ring for 140 gold pieces
  4491 | D:4      | Killed Dowan
  5011 | D:4      | Found a staircase to the Ecumenical Temple.
  5023 | Temple   | Entered the Ecumenical Temple
  5322 | D:5      | Entered Level 5 of the Dungeon
  5350 | D:5      | Reached skill level 6 in Fire Magic
  5350 | D:5      | Reached XP level 7. HP: 41/41 MP: 9/12
  5419 | D:5      | HP: 1/41 [centaur/arrow of frost (4)]
  5423 | D:5      | Shot with an arrow of frost by a centaur

Vault maps used:
D:1:      dpeg_arrival_rooms_a
D:3:      lemuel_coloured_pillars_altar, uniq_terence, uniq_sigmund
D:4:      elyvilon_altar_4, minmay_temple_entry_poolview, serial_shops,
          kennysheep_mini, kennysheep_small_circle, uniq_duvessa
D:5:      first_bread, uniq_pikel
Temple:   eino_temple_water_12

Action                   |  1- 3 |  4- 6 |  7- 9 || total
-------------------------+-------+-------+-------++-------
Melee: Unarmed           |     9 |    14 |       ||    23
 Cast: Flame Tongue      |    63 |    58 |     2 ||   123
       Throw Flame       |    11 |    37 |     3 ||    51
       Conjure Flame     |       |     1 |       ||     1
  Use: Scroll            |     5 |     3 |       ||     8
       Potion            |     6 |       |       ||     6
 Stab: Sleeping          |       |     1 |       ||     1
  Eat: Meat ration       |     1 |       |       ||     1
       Bread ration      |       |     2 |       ||     2
       Chunk             |       |     2 |       ||     2
